 Dungeon Crawl Stone Soup version 0.16-a0-2093-g8c923f7 (webtiles) character file.

378 myeffort the Digger (level 6, 8/49 HPs)
             Began as a Deep Dwarf Earth Elementalist on Nov 12, 2014.
             Was a Follower of Makhleb.
             Quit the game on level 4 of the Dungeon.
             The game lasted 00:23:35 (3539 turns).

myeffort the Digger (Deep Dwarf Earth Elementalist) Turns: 3539, Time: 00:23:36

Health: 8/49       AC:  2    Str: 12    XL:     6   Next: 45%
Magic:  10/10      EV: 12    Int: 17    God:    Makhleb [*.....]
Gold:   123        SH:  0    Dex: 13    Spells: 3 memorised, 3 levels left

rFire  . . .     SeeInvis .     b - 78 stones
rCold  . . .     Clarity  .     c - +0 robe
rNeg   . . .     SustAb   .     (no shield)
rPois  .         Gourm    .     (no helmet)
rElec  .         Spirit   .     (no cloak)
rCorr  .         Warding  .     (no gloves)
rMut   .         Stasis   .     (no boots)
MR     .....                    (no amulet)
Stlth  ++........               (no ring)
                                w - ring of flight

@: non-regenerating, not resistant to hostile enchantments, unstealthy
A: damage resistance, recharge devices, sense surroundings 1, slow healing 3
a: Device Recharging, Renounce Religion, Evoke Flight


You were on level 4 of the Dungeon.
You worshipped Makhleb.
Makhleb was aware of your devotion.
You were hungry.

You visited 1 branch of the dungeon, and saw 4 of its levels.

You collected 123 gold pieces.

Inventory:

Hand weapons
 a - a +0 flail of protection
 n - a +0 whip
 x - a +0 blowgun
Missiles
 b - 78 stones (in hand)
 y - 5 poisoned needles
Armour
 c - a +0 robe (worn)
 g - a +0 ice dragon armour
 t - a +0 buckler
 B - the +5 scale mail of the Countless Ships {rPois Int-4, unknown}
   (You found it on level 4 of the Dungeon)

   It affects your intelligence (-4).
   It protects you from poison.
Jewellery
 w - a ring of flight (left hand)
Magical devices
 u - a wand of teleportation (6)
 v - a wand of heal wounds (3)
Scrolls
 h - a scroll of remove curse
 l - 4 scrolls of identify
 o - a scroll of fear
Potions
 e - a potion of lignification {unknown}
 i - a potion of confusion {unknown}
 j - a potion of curing {unknown}
 k - 2 potions of resistance {unknown}
 m - a potion of cure mutation {unknown}
 p - a potion of cancellation
 q - 2 potions of magic {unknown}
 D - a potion of haste {unknown}
Books
 d - a book of Geomancy

   Spells                             Type                      Level
   *Sandblast                         Earth                        1
   *Stoneskin                         Transmutation/Earth          2
   Passwall                           Transmutation/Earth          3
   *Stone Arrow                       Conjuration/Earth            3
   Petrify                            Transmutation/Earth          4
   Lee's Rapid Deconstruction         Earth                        5
Comestibles
 f - 5 bread rations
 r - a beef jerky
 s - a meat ration
 z - 2 chunks of flesh


   Skills:
 + Level 3.3 Armour
 - Level 2.1 Dodging
 - Level 2.4 Stealth
 + Level 3.1 Shields
 - Level 2.0 Spellcasting
 - Level 0.8 Transmutations
 - Level 7.4 Earth Magic


You had 3 spell levels left.
You knew the following spells:

 Your Spells              Type           Power        Failure   Level  Hunger
a - Sandblast             Erth           ####..       1%          1    #......
b - Stoneskin             Trmt/Erth      ###.....     6%          2    ###....
c - Stone Arrow           Conj/Erth      ##....       14%         3    ###....


Dungeon Overview and Level Annotations

Branches:
Dungeon (4/15)
 Temple: D:4-7

Altars:
Ashenzari
Makhleb
Sif Muna
Trog

Annotations:
D:4 Dowan, Duvessa


Innate Abilities, Weirdness & Mutations

You are resistant to damage.
You can recharge devices by infusing magical energy.
You passively map a small area around you.
You do not heal naturally.


Message History

Found a scroll of enchant armour.
The phantom blinks!
Read which item? (? for menu, Esc to quit)
As you read the scroll labeled FUGHAT ALLOE, it crumbles to dust.
You hear a loud clanging noise!
It was a scroll of noise.
You hear a shout! x2
Read which item? (? for menu, Esc to quit)
As you read the scroll labeled REUWKU PHOR, it crumbles to dust.
The air around you briefly surges with heat, but it dissipates.
It was a scroll of immolation.
You are feeling hungry.
The phantom hits you. The orc warrior barely misses you.
Dowan gestures at you while chanting. The puff of frost hits you!
* * * LOW HITPOINT WARNING * * *
The phantom completely misses you.
Found 5 fruits.
Unknown command.
Are you sure you want to abandon this character and quit the game? (Confirm with "yes".)

## ##.#* P, #...
########## ..
#...## #..........
_P
#....###..........
.###
#.......o.........
, .e...
#...#.............e
.....
#...##.#.W@....e..#
e.... ##.#
#.#..?.......# ....
## #.#......?...
.... #...........%
.... ###.####.####
... #.## #.# , ..>.
#..###.# .!..
###o.##.# , ....
#.=..##.# ###.....


You could see a phantom, Duvessa (wandering), an orc warrior and Dowan.

Vanquished Creatures
  A goliath beetle (D:3)
  4 orc priests (D:4)
  An orc wizard (D:4)
  A worker ant (D:4)
  6 adders
  A giant mite (D:1)
  3 worms (D:2)
  3 giant geckos
  9 orcs
  8 bats
  10 giant cockroaches
  3 goblins
  9 hobgoblins
  7 jackals
  3 quokkas
  2 ball pythons
  6 giant newts
  6 kobolds
  7 rats
90 creatures vanquished.

Notes
Turn   | Place    | Note
--------------------------------------------------------------
     0 | D:1      | myeffort, the Deep Dwarf Earth Elementalist, began the quest for the Orb.
     0 | D:1      | Reached XP level 1. HP: 15/15 MP: 2/2
   340 | D:1      | Reached XP level 2. HP: 22/22 MP: 0/4
   650 | D:1      | Reached skill level 5 in Earth Magic
  1171 | D:2      | Reached XP level 3. HP: 26/28 MP: 3/6
  1415 | D:2      | Reached skill level 6 in Earth Magic
  1607 | D:2      | Found a bloodstained altar of Trog.
  1631 | D:2      | Learned a level 2 spell: Stoneskin
  1635 | D:2      | Learned a level 3 spell: Stone Arrow
  1664 | D:2      | Reached XP level 4. HP: 21/36 MP: 4/7
  2368 | D:3      | Reached skill level 7 in Earth Magic
  2796 | D:4      | Noticed Duvessa
  2797 | D:4      | Found a shattered altar of Ashenzari.
  2797 | D:4      | Noticed Dowan
  2828 | D:4      | Noticed an orc warrior
  2832 | D:3      | Reached XP level 5. HP: 38/42 MP: 7/9
  3022 | D:4      | Found a deep blue altar of Sif Muna.
  3022 | D:4      | Found a burning altar of Makhleb.
  3025 | D:4      | Became a worshipper of Makhleb the Destroyer
  3074 | D:4      | Got a jewelled scale mail
  3106 | D:4      | Reached skill level 1 in Armour
  3106 | D:4      | Reached skill level 1 in Shields
  3251 | D:4      | Reached XP level 6. HP: 28/49 MP: 1/10
  3446 | D:4      | Acquired Makhleb's first power
  3524 | D:4      | Noticed a phantom
  3539 | D:4      | Quit the game

Action                   |  1- 3 |  4- 6 || total
-------------------------+-------+-------++-------
Melee: Unarmed           |     7 |       ||     7
       Flail             |       |    86 ||    86
       Whip              |       |    26 ||    26
 Fire: Blowgun           |       |     5 ||     5
 Cast: Sandblast         |    88 |    74 ||   162
       Stoneskin         |       |     5 ||     5
Evoke: Wand              |       |     2 ||     2
  Use: Scroll            |       |     7 ||     7
 Stab: Sleeping          |       |     1 ||     1
  Eat: Chunk             |     4 |     7 ||    11
